 Dungeon Crawl Stone Soup version 0.31-a0-263-ge8cad7f256 (webtiles) character file.

Game seed: 11228118911264164779

343 qw the Shooter (level 6, 0/37 HPs)
             Began as a Gargoyle Hexslinger on July 13, 2023.
             Slain by a black bear (2 damage)
             ... on level 5 of the Dungeon.
             The game lasted 00:01:20 (2555 turns).

qw the Shooter (Gargoyle Hexslinger)                Turns: 2555, Time: 00:01:21

Health: 0/37       AC: 14    Str: 12    XL:     6   Next: 57%
Magic:  7/7        EV: 10    Int: 13    God:
Gold:   325        SH:  0    Dex: 14    Spells: 6/7 levels left

rFire   . . .        Y - +3 sling
rCold   . . .        (no shield)
rNeg    + . .        m - +4 ring mail {rPois}
rPois   inf          (no helmet)
rElec   +            (no cloak)
rCorr   .            a - +0 pair of gloves
SInv    .            (no boots)
Will    +....        c - amulet of the acrobat
Stlth   +            o - ring of willpower
HPRegen 0.26/turn    (no ring)
MPRegen 0.10/turn

%: acrobat
@: no status effects
A: sickness immunity, AC +4, negative energy resistance 1, electricity
resistance, torment resistance 1, petrification resistance, MP-powered wands
a: no special abilities


You were on level 5 of the Dungeon.
You visited 1 branch of the dungeon, and saw 5 of its levels.

You collected 325 gold pieces.


Innate Abilities, Weirdness & Mutations

You are immune to sickness and miasma.
Your stone body is resilient. (AC +4)
You are immune to poison.
You resist negative energy. (rN+)
You are resistant to electric shocks. (rElec)
You are resistant to unholy torment.
You are immune to petrification.
You expend magic power (3 MP) to strengthen your wands.


   Skills:
 + Level 3.0 Fighting
 - Level 6.0 Ranged Weapons
 - Level 1.3 Armour
 - Level 1.5 Dodging
 - Level 1.0 Spellcasting
 - Level 2.6 Hexes


You had 6 spell levels left.
You knew the following spells:

 Your Spells              Type           Power      Damage    Failure   Level
a - Slow                  Hex            28%        N/A       21%         1

Your spell library contained the following spells:

 Spells                   Type           Power      Damage    Failure   Level
 Inner Flame              Hex/Fire       4%         N/A       71%         3
 Portal Projectile        Hex/Tloc       8%         N/A       71%         3
 Cause Fear               Hex            3%         N/A       90%         4

Inventory:

Hand Weapons
 Y - a +3 sling (weapon)
Armour
 a - a +0 pair of gloves (worn)
 m - a +4 ring mail of poison resistance (worn)
Jewellery
 c - an amulet of the acrobat (around neck)
 o - a ring of willpower (left hand)
Scrolls
 i - a scroll of identify
Potions
 b - a potion of curing
 d - a potion of might
 e - a potion of mutation
 h - a potion of brilliance {unknown}
 j - a potion of haste
 k - a potion of lignification {unknown}
 l - a potion of ambrosia {unknown}

Dungeon Overview and Level Annotations

Branches:
Dungeon (5/15)
 Temple: D:4-7

Altars:
Elyvilon
Fedhas
Makhleb
Sif Muna
Xom


Message History

You shoot a sling bullet.
The sling bullet closely misses the black bear.
The black bear bites you but does no damage.
The black bear barely misses you.
The black bear claws you but does no damage.
You shoot a sling bullet. The sling bullet hits the black bear!
The black bear is severely wounded.
The black bear bites you! The black bear closely misses you.
The black bear claws you but does no damage.
You shoot a sling bullet. The sling bullet hits the black bear.
The black bear is severely wounded.
The gnoll hits you with a +0 whip.
The black bear bites you but does no damage.
The black bear claws you but does no damage. x2
The gnoll closely misses you.
You shoot a sling bullet.
The sling bullet barely misses the black bear.
The gnoll hits you but does no damage. x2; The black bear bites you.
The black bear claws you.
The black bear claws you but does no damage.
You shoot a sling bullet. The sling bullet hits the black bear.
The black bear is severely wounded.
The gnoll hits you with a +0 whip.
The black bear bites you but does no damage.
The black bear claws you but does no damage. x2
The gnoll closely misses you. The black bear misses you.
The black bear claws you but does no damage.
The black bear claws you.
The gnoll hits you but does no damage. x2
You shoot a sling bullet. The sling bullet hits the black bear.
The black bear is almost dead.
The gnoll hits you from afar with a +0 halberd.
The black bear goes berserk!
The gnoll hits you with a +0 whip.
You shoot a sling bullet. The sling bullet hits the black bear!
The black bear is almost dead.
The black bear bites you but does no damage.
The black bear claws you. The black bear closely misses you.
The gnoll closely misses you. The gnoll barely misses you.
The black bear bites you but does no damage.
The black bear claws you.
You die...

......( ....... ....##
....... .....## ..
...$... #.....##...
....... ..........
g...... ##....#..#
####h......
.........###
#..@g......
#.........###.#########
#<.........##.#
#.............#
#...........###
#.#.#.......#
#...........#
...#.#.......##
##............#


You could see a black bear (berserk) and 2 gnolls.

Vanquished Creatures
  A phantom (D:4)
  2 hounds (D:4)
  A sleepcap (D:4)
  Terence (D:3)
  An orc wizard (D:4)
  4 adders
  2 dart slugs (D:1)
  7 orcs (D:4)
  2 endoplasms (D:1)
  4 giant cockroaches
  13 goblins
  7 hobgoblins
  11 jackals
  A quokka (D:4)
  6 ball pythons
  3 bats (D:1)
  5 frilled lizards
  5 kobolds
  5 rats
81 creatures vanquished.

Notes
Turn   | Place    | Note
-------+----------+-------------------------------------------
     0 | D:1      | qw the Gargoyle Hexslinger began the quest for the Orb.
     0 | D:1      | Reached XP level 1. HP: 12/12 MP: 2/2
     0 | D:1      | 0 ||| qw: Version: 0.3-a-52-g30416fa
     0 | D:1      | 0 ||| qw: Game counter: 7060
     0 | D:1      | 0 ||| qw: Melee chars always use a shield: true
     0 | D:1      | 0 ||| qw: God list: Okawaru
     0 | D:1      | 0 ||| qw: Allow faded altars: false
     0 | D:1      | 0 ||| qw: Do Orc after clearing Dungeon:15 true
     0 | D:1      | 0 ||| qw: Do second Lair branch before Depths: true
     0 | D:1      | 0 ||| qw: Lair rune preference: random
     0 | D:1      | 0 ||| qw: Goals: Normal
     0 | D:1      | 0 ||| PLANNING D:1-11
   168 | D:1      | Reached XP level 2. HP: 16/16 MP: 3/3
   211 | D:1      | Reached skill level 3 in Ranged Weapons
   268 | D:1      | You fall into a shaft and drop 1 floor!
   339 | D:2      | 339 ||| UPGRADING to +0 leather armour.
   349 | D:2      | 349 ||| DROPPING +0 robe.
   350 | D:2      | 350 ||| READING scroll labelled ERETAO ARUTT.
   351 | D:2      | 351 ||| READING scroll labelled ANIUTU FYIR.
   352 | D:2      | 352 ||| DROPPING scroll of poison.
   354 | D:2      | 354 ||| FLEEEEING.
   355 | D:2      | 355 ||| FLEEEEING.
   356 | D:2      | 356 ||| FLEEEEING.
   357 | D:2      | 357 ||| FLEEEEING.
   358 | D:2      | 358 ||| FLEEEEING.
   359 | D:2      | 359 ||| FLEEEEING.
   360 | D:2      | 360 ||| STAIRDANCE
   376 | D:1      | Reached XP level 3. HP: 21/21 MP: 4/4
   670 | D:1      | 670 ||| UPGRADING to +0 pair of gloves.
   675 | D:1      | 675 ||| UPGRADING to amulet of the acrobat.
   860 | D:2      | Identified the +1 whip "Ytemoerr" {drain, Fragile rPois
                  | rC+}
  1136 | D:2      | 1136 ||| READING scroll labelled OXKETTO NACWI.
  1137 | D:2      | 1137 ||| READING scroll labelled LESOFE PEVILUE.
  1138 | D:2      | 1138 ||| DRINKING 2 clear potions.
  1242 | D:3      | Noticed Terence
  1252 | D:3      | Reached XP level 4. HP: 23/26 MP: 5/5
  1268 | D:3      | HP: 6/26 [Terence/+0 hand axe (2)]
  1269 | D:3      | Killed Terence
  1270 | D:3      | Reached skill level 4 in Ranged Weapons
  1626 | D:3      | Found a blossoming altar of Fedhas.
  1626 | D:3      | Found a burning altar of Makhleb.
  1633 | D:3      | Found a shimmering altar of Xom.
  1635 | D:3      | Found a white marble altar of Elyvilon.
  1637 | D:3      | Found a faded altar of an unknown god.
  1816 | D:3      | 1816 ||| UPGRADING to +0 ring mail.
  1826 | D:3      | 1826 ||| DROPPING +0 leather armour.
  1827 | D:3      | 1827 ||| UPGRADING to +4 ring mail of poison resistance.
  1837 | D:3      | 1837 ||| DROPPING +0 ring mail.
  1838 | D:3      | 1838 ||| DROPPING ring of flight.
  1839 | D:3      | 1839 ||| UPGRADING to ring of willpower.
  1840 | D:3      | 1840 ||| DRINKING 2 black potions.
  1840 | D:3      | Gained mutation: You expend magic power (3 MP) to
                  | strengthen your wands. [potion of mutation]
  1924 | D:4      | 1924 ||| READING scroll of enchant weapon.
  1924 | D:4      | 1924 ||| ENCHANTING +2 sling.
  1958 | D:4      | Reached skill level 1 in Armour
  1983 | D:4      | Reached XP level 5. HP: 28/30 MP: 6/6
  2024 | D:4      | Reached skill level 5 in Ranged Weapons
  2038 | D:4      | 2038 ||| FLEEEEING.
  2039 | D:4      | 2039 ||| FLEEEEING.
  2042 | D:4      | 2042 ||| FLEEEEING.
  2043 | D:4      | 2043 ||| FLEEEEING.
  2044 | D:4      | 2044 ||| FLEEEEING.
  2045 | D:4      | 2045 ||| FLEEEEING.
  2046 | D:4      | 2046 ||| FLEEEEING.
  2047 | D:4      | 2047 ||| FLEEEEING.
  2048 | D:4      | 2048 ||| FLEEEEING.
  2049 | D:4      | 2049 ||| FLEEEEING.
  2054 | D:4      | 2054 ||| FLEEEEING.
  2055 | D:4      | 2055 ||| FLEEEEING.
  2056 | D:4      | 2056 ||| FLEEEEING.
  2057 | D:4      | 2057 ||| FLEEEEING.
  2058 | D:4      | 2058 ||| FLEEEEING.
  2059 | D:4      | 2059 ||| FLEEEEING.
  2060 | D:4      | 2060 ||| FLEEEEING.
  2061 | D:4      | 2061 ||| FLEEEEING.
  2062 | D:4      | 2062 ||| FLEEEEING.
  2063 | D:4      | 2063 ||| FLEEEEING.
  2064 | D:4      | 2064 ||| FLEEEEING.
  2065 | D:4      | 2065 ||| FLEEEEING.
  2066 | D:4      | 2066 ||| FLEEEEING.
  2067 | D:4      | 2067 ||| FLEEEEING.
  2068 | D:4      | 2068 ||| FLEEEEING.
  2069 | D:4      | 2069 ||| FLEEEEING.
  2070 | D:4      | 2070 ||| FLEEEEING.
  2074 | D:4      | 2074 ||| DRINKING potion of curing.
  2074 | D:4      | 2074 ||| (to cure confusion)
  2134 | D:4      | Reached skill level 3 in Fighting
  2139 | D:4      | Reached XP level 6. HP: 36/37 MP: 7/7
  2418 | D:4      | Found a shimmering blue altar of Sif Muna.
  2445 | D:4      | 2445 ||| READING 3 scrolls labelled PEMMAN MOVOJI.
  2446 | D:4      | 2446 ||| READING 2 scrolls labelled ZAOPSUAFFE.
  2447 | D:4      | 2447 ||| READING scroll labelled VUPSASUUNNU.
  2451 | D:4      | 2451 ||| DRINKING 2 golden potions.
  2452 | D:4      | 2452 ||| READING 2 scrolls of identify.
  2452 | D:4      | 2452 ||| IDENTIFYING fuming dark potion
  2453 | D:4      | 2453 ||| DROPPING 2 scrolls of revelation.
  2454 | D:4      | 2454 ||| DROPPING scroll of immolation.
  2457 | D:5      | Entered Level 5 of the Dungeon
  2458 | D:5      | 2458 ||| PLANNING OSSUARY
  2461 | D:5      | 2461 ||| STAIRDANCE
  2539 | D:5      | Noticed a black bear
  2546 | D:5      | Reached skill level 6 in Ranged Weapons
  2553 | D:5      | HP: 8/37 [black bear (2)]
  2554 | D:5      | HP: 2/37 [gnoll/+0 whip (2)]
  2555 | D:5      | Slain by a black bear

Levels and vault maps discovered:
D:1:      dpeg_arrival_snail, layout_loops_ring
D:2:      layout_rooms
D:3:      cheibrodos_greedy_goblins, layout_rooms,
          chequers_temple_overflow_minitemple, uniq_terence
D:4:      layout_basic, marbit_many_paths
D:5:      layout_rooms, nicolae_overflow_macrodata_refinement,
          nicolae_ossuary_entry_catacombs, serial_glass, glass_columns_a,
          glass_columns_a, glass_columns_a, glass_columns_a, glass_columns_b,
          glass_columns_a, glass_columns_b, glass_columns_c

Skill      XL: |  1  2  3  4  5  6 |
---------------+-------------------+-----
Ranged Weapons | 3 4 5 6 |  6.0
Fighting       | 2 3 |  3.0
Armour         | 1 |  1.3
Dodging        | |  1.5
Spellcasting   | |  1.0
Hexes          | |  2.6

Action                     |  1- 3 |  4- 6 || total
---------------------------+-------+-------++-------
   Fire: Sling             |   137 |   165 ||   302
    Use: Scroll            |     4 |     5 ||     9
         Potion            |     1 |     3 ||     4
 Armour: Robe              |    12 |       ||    12
         Leather armour    |    16 |     8 ||    24
         Ring mail         |       |    60 ||    60
  Dodge: Dodged            |    51 |    93 ||   144

Table legend:
 A = Non-vault XP
 B = Vault XP
 C = Vault XP percentage of total XP
 D = Non-vault monster count
 E = Vault monster count
 F = Vault count percentage of total count
                 A         B        C        D         E       F
            +---------+---------+-------+---------+---------+-------
      Total |     439 |      52 |  10.6 |      72 |       9 |  11.1
            +---------+---------+-------+---------+---------+-------
        D:1 |      47 |       0 |   0.0 |      26 |       0 |   0.0
        D:2 |      22 |       0 |   0.0 |      14 |       0 |   0.0
        D:3 |      15 |      50 |  76.9 |       8 |       8 |  50.0
        D:4 |     342 |       2 |   0.6 |      23 |       1 |   4.2
        D:5 |      13 |       0 |   0.0 |       1 |       0 |   0.0
            +---------+---------+-------+---------+---------+-------
